 Dungeon Crawl Stone Soup version 0.29-a0-304-gb34f9e1 (webtiles) character file.

Game seed: 10403928904034833249

33 Think the Cutter (level 3, 0/26 HPs)
             Began as an Octopode Fighter on Mar 26, 2022.
             Succumbed to an adder's poison
             ... on level 2 of the Dungeon.
             The game lasted 00:02:11 (986 turns).

Think the Cutter (Octopode Fighter)                  Turns: 986, Time: 00:02:11

Health: 0/26       AC:  1    Str: 15    XL:     3   Next: 29%
Magic:  3/3        EV: 13    Int: 10    God:
Gold:   38         SH:  4    Dex: 11    Spells: 2/2 levels left

rFire   . . .      SeeInvis .   a - +0 rapier
rCold   . . .      Faith    .   b - +0 buckler
rNeg    . . .      Spirit   .   (helmet restricted)
rPois   .          Reflect  .   (no amulet)
rElec   .          Harm     .   (no ring)
rCorr   .          Rampage  .   (no ring)
Will    .....                   (no ring)
Stlth   ++........              (no ring)
HPRegen 0.08/turn               (no ring)
MPRegen 0.08/turn               (no ring)
                                (no ring)
                                (no ring)

@: mighty, brilliant, lethally poisoned (0 -> -6)
A: almost no armour, amphibious, 8 rings, camouflage 1, gelatinous body 1,
(nimble swimmer 1), tentacles, clumsy 1, sense surroundings 1
a: no special abilities


You were on level 2 of the Dungeon.
You visited 1 branch of the dungeon, and saw 2 of its levels.

You collected 38 gold pieces.

Inventory:

Hand Weapons
 a - a +0 rapier (weapon)
Armour
 b - a +0 buckler (worn)
Scrolls
 e - a scroll of teleportation {unknown}
 g - a scroll of identify {unknown}
 h - a scroll of fear {unknown}
Potions
 f - a potion of mutation


   Skills:
 - Level 3.0 Fighting
 + Level 3.6 Short Blades
 - Level 3.0 Dodging
 - Level 3.0 Shields


You had 2 spell levels left.
You didn't know any spells.
Your spell library was empty.

Dungeon Overview and Level Annotations

Branches:
Dungeon (2/15)

Altars:


Innate Abilities, Weirdness & Mutations

You cannot wear most types of armour.
You are amphibious.
You can wear up to eight rings at the same time.
Your skin changes colour to match your surroundings (Stealth+).
Your rubbery body absorbs attacks. (AC +1, EV +1)
((You are camouflaged when in or above water. (Stealth+)))
You have tentacles for arms and can constrict up to eight enemies at once.
You are clumsy. (Dex -2)
You passively map a small area around you.


Message History

You barely miss the ball python. Your grab misses the ball python.
You feel sick. The ball python barely misses you.
The ball python constricts you. The adder closely misses you.
You barely miss the ball python. Your grab misses the ball python.
Your squeeze misses the ball python.
You feel sick. The adder closely misses you.
You block the ball python's attack. The ball python constricts you.
You hit the ball python but do no damage.
You grab the ball python. You squeeze the ball python.
You kill the ball python!
You feel sick. The adder bites you. The adder closely misses you.
The adder attacks as you move away! You block the adder's attack.
You feel sick.
Things that are here:
a +0 club; a goblin corpse The adder attacks as you move away!
The adder bites you.
You are more poisoned.
The adder poisons you!
* * * LOW HITPOINT WARNING * * *
You feel sick.
It was a potion of mutation.
You feel extremely strange.
You feel clumsy.
You feel a strange attunement to the structure of the dungeons.
* * * LOW HITPOINT WARNING * * *
You feel sick. The adder misses you.
It was a potion of brilliance.
You feel clever all of a sudden.
* * * LOW HITPOINT WARNING * * *
You feel sick. The adder misses you. You block the adder's attack.
You feel very mighty all of a sudden.
* * * LOW HITPOINT WARNING * * *
You feel sick. The adder barely misses you.
You miss the adder. Your grab misses the adder.
* * * LOW HITPOINT WARNING * * *
You feel sick. The adder bites you.
* * * LOW HITPOINT WARNING * * *
You are more poisoned.
The adder poisons you!
You closely miss the adder. Your grab misses the adder.
You die...

.... #.#. ,...# ,
#.#)# ... , ,
###.... ..# ,
#..#..###.## ,
#.# ...#... #
#.#<#.#.#.#* ..#
#.#.#.#.#[##..#..
#.#....@S.†.....#
,
#.###.###.##.####
#......##.# .. ,
, ###....##.# ##
,* #....##.# *
#..###.<# *
#..###.####### ,*
#............#
#.####.#####.# *
*


You could see an adder.

Vanquished Creatures
  2 bats (D:1)
  5 endoplasms (D:1)
  A giant cockroach (D:1)
  7 goblins
  A hobgoblin (D:1)
  2 jackals (D:1)
  4 ball pythons
  A frilled lizard (D:1)
  3 kobolds (D:1)
  5 rats
31 creatures vanquished.

Notes
Turn   | Place    | Note
-------+----------+-------------------------------------------
     0 | D:1      | Think the Octopode Fighter began the quest for the Orb.
     0 | D:1      | Reached XP level 1. HP: 16/16 MP: 1/1
   148 | D:1      | Reached XP level 2. HP: 15/21 MP: 2/2
   625 | D:1      | Reached XP level 3. HP: 26/26 MP: 3/3
   982 | D:2      | Gained mutation: You are clumsy. (Dex -2) [potion of
                  | mutation]
   982 | D:2      | Gained mutation: You passively map a small area around you.
                  | [potion of mutation]
   986 | D:2      | Succumbed to an adder's poison

Illustrated notes

Levels and vault maps discovered:
D:1:      pf_arrival_petrified_forest, layout_basic, minmay_misc_feat_pillars
D:2:      layout_loops_ring, hellmonk_ecumenical_altar_dog_temple

Skill      XL: |  1  2 |
---------------+-------+-----
Short Blades   | 3 |  3.6
Fighting       | |  3.0
Dodging        | |  3.0
Shields        | |  3.0

Action                   || total
-------------------------++-------
Melee: Rapier            ||    53
       Constrict         ||    12
       Tentacles         ||    11
       Punch             ||     2
  Use: Potion            ||     3
 Stab: Sleeping          ||     8
Armor: Skin              ||     3
Dodge: Dodged            ||    19
Block: Buckler           ||    11

Table legend: (Time is in decaauts)
 A = Elapsed time spent in this place.
 B = Non-inter-level travel time spent in this place.
 C = Inter-level travel time spent in this place.
 D = Time resting spent in this place.
 E = Time spent auto-exploring this place.
 F = Levels seen in this place.
 G = Mean time per level.
                   A        B        C        D        E       F      G
               +--------+--------+--------+--------+--------+-----+--------+
         Total |    990 |    972 |     18 |    109 |    687 |   2 |  495.0 |
       Dungeon |    990 |    972 |     18 |    109 |    687 |   2 |  495.0 |
               +--------+--------+--------+--------+--------+-----+--------+

Top non-repeatable levels by time:
     D:1: 947 daAuts
     D:2: 43 daAuts
